Workbook

Sheet Kapitalwert+Annuität
A1: Neues Futterlaub-AFS, Rieckens Eichhof
A3: Hinweise: | B3: 1. Die primären Ziele dieses Agroforstsystems sind (1) Resilienz gegenüber Extremwetter, (2) mehr Tierwohl durch Windschutz & Schatten, (3) Bereitstellung von Zusatzfutter mit Mineralstoffen und Spurenelementen.
B4: 2. In der Kapitalwertrechnung bleiben betriebswirtschaftlich relevante Ökosystemleistungen wie Windschutz, Schatten und mehr Tierwohl in der Regel unberücksichtigt. In diesem Beispiel wird jedoch die Verlängerung der Weidezeit durch Windschutz konservativ monetarisiert. Hier wirken die drei neuen Agroforstsysteme – Obstsystem, Futterlaub und Windschutz – gemeinsam. Die durch eine verlängerte Weidezeit entstehende Arbeitszeitersparnis wird nur in diesem Rechenbeispiel berücksichtigt.
B5: 3. Zu den Erntemengen des gepflanzten Futterlaubs liegen bisher nur wenige Angaben vor.
E9: Zinssatz: | F9: =4% -> 0.04
E10: Betrachtungszeitraum: | F10: 25
I11: Erläuterungen:
B12: Jahr | C12: Einzahlungen (Erlöse) | D12: Auszahlungen (Investitionen) | E12: Netto-Cashflow (Einzahlung minus Auszahlung) | F12: Abzinsfaktor | G12: Barwert (heutiger Wert einer zukünftigen Zahlung) | I12: Bei dieser Berechnung wird ausschließlich der Baumstreifen betrachtet - nicht das gesamte Agroforstsystem. Er wird mithilfe der Kapitalwertmethode als Investition bewertet. Diese Methode prüft, ob sich eine langfristige Investition wirtschaftlich lohnt. Dazu werden alle künftig erwarteten Ein- und Auszahlungen, z.B. Pflegekosten, auf ihren heutigen Wert umgerechnet. Grundidee: Ein Euro heute ist mehr wert als ein Euro in der Zukunft, da verfügbares Geld alternativ angelegt und verzinst werden kann. Künftige Ein- und Auszahlungen werden deshalb mit einem Zinssatz auf den heutigen Zeitpunkt abgezinst. Sollen mehrere langfristige Investitionsmöglichkeiten – etwa verschiedene Gehölzarten im Baumstreifen oder eine alternative Geldanlage wie ein Festgeldkonto – verglichen werden, wird in der Regel die Option mit dem höchsten positiven Kapitalwert bevorzugt. Ökosystemleistungen werden in dieser Berechnung in der Regel nicht monetär berücksichtigt.
B13: 0 | C13: =Futterlaubstreifen!F43 -> 0 | D13: =Futterlaubstreifen!E43 -> 1559.5947 | E13: =C13-D13 -> -1559.5947 | F13: =1/(1+$F$9)^B13 -> 1 | G13: =E13*F13 -> -1559.5947
B14: 1 | C14: =Futterlaubstreifen!F57 -> 0 | D14: =Futterlaubstreifen!E57 -> 812.28621 | E14: =C14-D14 -> -812.28621 | F14: =1/(1+$F$9)^B14 -> 0.96153846 | G14: =E14*F14 -> -781.04443
B15: 2 | C15: =Futterlaubstreifen!F65 -> 0 | D15: =Futterlaubstreifen!E65 -> 357.63817 | E15: =C15-D15 -> -357.63817 | F15: =1/(1+$F$9)^B15 -> 0.92455621 | G15: =E15*F15 -> -330.65659
B16: 3 | C16: =Futterlaubstreifen!F67 -> 0 | D16: =Futterlaubstreifen!E67 -> 9.72774 | E16: =C16-D16 -> -9.72774 | F16: =1/(1+$F$9)^B16 -> 0.88899636 | G16: =E16*F16 -> -8.6479254
B17: 4 | C17: =Futterlaubstreifen!F69 -> 0 | D17: =Futterlaubstreifen!E69 -> 9.9222948 | E17: =C17-D17 -> -9.9222948 | F17: =1/(1+$F$9)^B17 -> 0.85480419 | G17: =E17*F17 -> -8.4816192
B18: 5 | C18: =Futterlaubstreifen!F73 -> 42.652012 | D18: =Futterlaubstreifen!E73 -> 255.956 | E18: =C18-D18 -> -213.30399 | F18: =1/(1+$F$9)^B18 -> 0.82192711 | G18: =E18*F18 -> -175.32033
B19: 6 | C19: =Futterlaubstreifen!F76 -> 21.965786 | D19: =Futterlaubstreifen!E76 -> 109.42545 | E19: =C19-D19 -> -87.459662 | F19: =1/(1+$F$9)^B19 -> 0.79031453 | G19: =E19*F19 -> -69.120642
B20: 7 | C20: =Futterlaubstreifen!F79 -> 22.62476 | D20: =Futterlaubstreifen!E79 -> 111.61396 | E20: =C20-D20 -> -88.989198 | F20: =1/(1+$F$9)^B20 -> 0.75991781 | G20: =E20*F20 -> -67.624477
B21: 8 | C21: =Futterlaubstreifen!F83 -> 57.928889 | D21: =Futterlaubstreifen!E83 -> 265.99142 | E21: =C21-D21 -> -208.06253 | F21: =1/(1+$F$9)^B21 -> 0.73069021 | G21: =E21*F21 -> -152.02925 | I21: Der Abzinsfaktor rechnet eine zukünftige Zahlung auf ihren heutigen Wert, den Barwert, zurück. Er berücksichtigt, dass ein Euro heute mehr wert ist als ein Euro in der Zukunft, da er bis dahin verzinst angelegt werden könnte.
B22: 9 | C22: =Futterlaubstreifen!F86 -> 29.833378 | D22: =Futterlaubstreifen!E86 -> 116.12316 | E22: =C22-D22 -> -86.289783 | F22: =1/(1+$F$9)^B22 -> 0.70258674 | G22: =E22*F22 -> -60.626057
B23: 10 | C23: =Futterlaubstreifen!F90 -> 1250.8525 | D23: =Futterlaubstreifen!E90 -> 118.44562 | E23: =C23-D23 -> 1132.4069 | F23: =1/(1+$F$9)^B23 -> 0.67556417 | G23: =E23*F23 -> 765.01352
B24: 11 | C24: =Futterlaubstreifen!F95 -> 1314.073 | D24: =Futterlaubstreifen!E95 -> 276.64108 | E24: =C24-D24 -> 1037.4319 | F24: =1/(1+$F$9)^B24 -> 0.64958093 | G24: =E24*F24 -> 673.89599
B25: 12 | C25: =Futterlaubstreifen!F99 -> 1302.14 | D25: =Futterlaubstreifen!E99 -> 123.23083 | E25: =C25-D25 -> 1178.9092 | F25: =1/(1+$F$9)^B25 -> 0.62459705 | G25: =E25*F25 -> 736.34319 | I25: Ein positiver Kapitalwert bedeutet, dass die geforderte Rendite von 4 % überstiegen wird. Ein Kapitalwert von null bedeutet, dass dieser Schwellenwert exakt erreicht wird.
B26: 13 | C26: =Futterlaubstreifen!F103 -> 1328.5725 | D26: =Futterlaubstreifen!E103 -> 125.69544 | E26: =C26-D26 -> 1202.8771 | F26: =1/(1+$F$9)^B26 -> 0.60057409 | G26: =E26*F26 -> 722.4168
B27: 14 | C27: =Futterlaubstreifen!F108 -> 1396.8899 | D27: =Futterlaubstreifen!E108 -> 287.9426 | E27: =C27-D27 -> 1108.9473 | F27: =1/(1+$F$9)^B27 -> 0.57747508 | G27: =E27*F27 -> 640.38943
B28: 15 | C28: =Futterlaubstreifen!F112 -> 1390.032 | D28: =Futterlaubstreifen!E112 -> 130.77354 | E28: =C28-D28 -> 1259.2584 | F28: =1/(1+$F$9)^B28 -> 0.5552645 | G28: =E28*F28 -> 699.2215
B29: 16 | C29: =Futterlaubstreifen!F116 -> 1418.3281 | D29: =Futterlaubstreifen!E116 -> 133.38901 | E29: =C29-D29 -> 1284.9391 | F29: =1/(1+$F$9)^B29 -> 0.53390818 | G29: =E29*F29 -> 686.03947 | I29: Die Annuität wandelt den auf 25 Jahre berechneten Kapitalwert in einen gleichbleibenden Jahresbetrag für denselben Zeitraum um. Sie ist besonders hilfreich, wenn sich Gehölze und Zahlungszeitpunkte stark unterscheiden.
B30: 17 | C30: =Futterlaubstreifen!F121 -> 1499.7695 | D30: =Futterlaubstreifen!E121 -> 299.93585 | E30: =C30-D30 -> 1199.8336 | F30: =1/(1+$F$9)^B30 -> 0.51337325 | G30: =E30*F30 -> 615.96249
B31: 18 | C31: =Futterlaubstreifen!F125 -> 1476.6747 | D31: =Futterlaubstreifen!E125 -> 138.77793 | E31: =C31-D31 -> 1337.8968 | F31: =1/(1+$F$9)^B31 -> 0.49362812 | G31: =E31*F31 -> 660.42348
B32: 19 | C32: =Futterlaubstreifen!F129 -> 1506.7496 | D32: =Futterlaubstreifen!E129 -> 141.55349 | E32: =C32-D32 -> 1365.1961 | F32: =1/(1+$F$9)^B32 -> 0.47464242 | G32: =E32*F32 -> 647.98001
B33: 20 | C33: =Futterlaubstreifen!F134 -> 1611.0233 | D33: =Futterlaubstreifen!E134 -> 312.66319 | E33: =C33-D33 -> 1298.3601 | F33: =1/(1+$F$9)^B33 -> 0.45638695 | G33: =E33*F33 -> 592.55458
B34: 21 | C34: =Futterlaubstreifen!F138 -> 1577.0788 | D34: =Futterlaubstreifen!E138 -> 147.27225 | E34: =C34-D34 -> 1429.8065 | F34: =1/(1+$F$9)^B34 -> 0.4388336 | G34: =E34*F34 -> 627.44716
B35: 22 | C35: =Futterlaubstreifen!F142 -> 1609.2951 | D35: =Futterlaubstreifen!E142 -> 150.21769 | E35: =C35-D35 -> 1459.0774 | F35: =1/(1+$F$9)^B35 -> 0.42195539 | G35: =E35*F35 -> 615.66558
B36: 23 | C36: =Futterlaubstreifen!F147 -> 1713.7604 | D36: =Futterlaubstreifen!E147 -> 326.16954 | E36: =C36-D36 -> 1387.5908 | F36: =1/(1+$F$9)^B36 -> 0.40572633 | G36: =E36*F36 -> 562.98214
B37: 24 | C37: =Futterlaubstreifen!F151 -> 1675.7354 | D37: =Futterlaubstreifen!E151 -> 156.28649 | E37: =C37-D37 -> 1519.4489 | F37: =1/(1+$F$9)^B37 -> 0.39012147 | G37: =E37*F37 -> 592.76964
B38: 25 | C38: =Futterlaubstreifen!F155 -> 1719.3441 | D38: =Futterlaubstreifen!E155 -> 159.41222 | E38: =C38-D38 -> 1559.9319 | F38: =1/(1+$F$9)^B38 -> 0.3751168 | G38: =E38*F38 -> 585.15665
B39: Summe | C39: =SUM(C13:C38) -> 23965.324 | D39: =SUM(D13:D38) -> 6636.6859 | E39: =SUM(E13:E38) -> 17328.638 | F39: Kapitalwert: | G39: =SUM(G13:G38) -> 7211.1156
F40: Annuität: | G40: =PMT($F$9,$F$10,-SUM(G13:G38)) -> 461.59766

Sheet Futterlaubstreifen
E1: Modell- und Demonstrationsvorhaben für die Planung und Etablierung von Agroforstsystemen in Schleswig-Holstein | K1: Wichtige offene F ragen:
E2: Arbeitszeitaufwand und Direktkosten: Futterlaubstreifen (207 m Länge), Rieckens Eichhof
B4: Arbeitsschritt wurde ausgeführt | G4: Planung
B5: Arbeitsschritt ist geplant | G5: Pflanzung
G6: Pflege
G7: Ernte
B8: Fachkraft - kalkulatorischer Lohnansatz in €: | D8: 22 | E8: Annahme: jährlicher Anstieg der Lohnkosten um 2%
B9: Hilfskraft - kalkulatorischer Lohnansatz in €: | D9: 13.9
J10: Arbeitskräfte & Arbeitszeit | Q10: Betriebsmittel
A11: Jahr | B11: Lohnkosten (kalkulatorischer Lohnansatz: € 22) | C11: Lohnkosten (kalkulatorischer Lohnansatz: € 13,9) | D11: Direktkosten | E11: Summe Auszahlungen | F11: Summe Einzahlungen | G11: Tätigkeit | H11: Beschreibung der Tätigkeit | I11: Datum | J11: Arbeitszeit in min inklusive Rüst- und Wegezeiten; Wegezeit: 5 min pro Weg | K11: Anzahl der beteiligten Fachkräfte | L11: Anzahl der beteiligten Hilfskräfte | M11: Arbeitsstunden Fachkräfte (Anzahl Arbeitskräfte * Arbeitszeit) | N11: Arbeitsstunden Hilfskräfte (Anzahl Arbeitskräfte * Arbeitszeit) | O11: Anmerkungen (z.B. unterschiedliche Arbeitszeiten/ Qualifikationen) | P11: Eingesetzte Maschinen, Geräte (Name, Typ, Größe und Funktion) | Q11: Betriebsmittel (z.B. Pflanzgut, Wuchshüllen, Wasser, Mulch, Dünger,...) | R11: Anzahl | S11: Netto-Preise | T11: Anmerkungen | U11: Quellen | V11: Erlöse
A12: 0 | G12: Planungsgespräch | H12: Planung: Erkenntnisse der Standortanalyse besprechen | I12: 45667 | J12: 20 | K12: 2 | M12: =J12*K12/60 -> 0.66666667 | N12: =J12*L12/60 -> 0 | P12: PC (Web-Meeting) | T12: Die Standortanalyse wurde für die drei neuen Agroforstsysteme gleichzeitig besprochen (jeweils ein Drittel der Gesamtzeit). Standortanalyse: dafür wurden Bodenproben auf 30-40 cm Tiefe an ca. 6 unterschiedlichen Orten auf der Koppel entnommen. Ziel: Gesamtüberblick über die Koppel - unterer Teil der Wiese (für die Obstgehölze), Hanglage (für das Futterlaub), windexponierte Hanglage (für die Windschutzhecke) & windgeschützte Hanglage als Vergleich. Planung der Futterlaubhecke: Erfahrungswerte aus dem alten System wurden besprochen und eine einreihige Anlage für bessere Arbeitswirtschaftlichkeit beschlossen. | U12: Eichhof, Beraterteam
A13: 0 | G13: Planungsgespräch | H13: Planungsziele schärfen und neue Ideen besprechen: Welchen Zweck soll das Agroforstsystem erfüllen? Design? Artenauswahl und Baumschutz besprechen | I13: 45685 | J13: 30 | K13: 2 | M13: =J13*K13/60 -> 1 | N13: =J13*L13/60 -> 0 | P13: PC (Web-Meeting) | U13: Eichhof, Beraterteam
A14: 0 | G14: Planungsgespräch | H14: Festlegen der Pflanzabstände, der Breite des Gehölzstreifens, der Baumauswahl | I14: 45853 | J14: 60 | K14: 2 | M14: =J14*K14/60 -> 2 | N14: =J14*L14/60 -> 0 | P14: Planungsskizzen | U14: Eichhof, Beraterteam
A15: 0 | G15: Planungsgespräch | H15: Absprachen zur Gasleitung mit Gasversorger | I15: 45901 | J15: 30 | K15: 1 | M15: =J15*K15/60 -> 0.5 | N15: =J15*L15/60 -> 0 | O15: 10 min Telefonat, 20 min Vor-Ort-Termin | T15: Telefonat; Vor-Ort-Termin mit Vertreter vom Gasnetz | U15: Eichhof
A16: 0 | G16: Auswahl der Pflanzen | H16: Auswahl der Pflanzen. Recherchen und Telefonate mit Baumschulen. | I16: 45950 | J16: 20 | K16: 1 | M16: =J16*K16/60 -> 0.33333333 | N16: =J16*L16/60 -> 0 | P16: PC, Telefon | T16: Futtterlaubgewächse wurden auf Basis eigener Erfahrungen und vorhandener Literatur ausgewählt. | U16: Eichhof
A17: 0 | G17: Auswahl und Bestellung der Pflanzen | H17: Abschliessende Baumschulrecherche und Auswahl der Pflanzen. Bestellvorgang. | I17: 45950 | J17: 50 | K17: 1 | M17: =J17*K17/60 -> 0.83333333 | N17: =J17*L17/60 -> 0 | P17: PC, Telefon | T17: Bestellung: Sommerlinden, Holunder, Eschen, Maulbeeren, Waldhasel | U17: Eichhof
A18: 0 | G18: Bestellung (Kosten) | M18: =J18*K18/60 -> 0 | N18: =J18*L18/60 -> 0 | Q18: Sommerlinden (Tilia platyphyllos) | R18: 20 | S18: =R18*0.95 -> 19 | T18: 1jährig, 15-30 cm, 0,95€/Stück. | U18: Eichhof
A19: 0 | G19: Bestellung (Kosten) | M19: =J19*K19/60 -> 0 | N19: =J19*L19/60 -> 0 | Q19: Schwarzer Holunder (Sambucus nigra) | R19: 50 | S19: =R19*2.07 -> 103.5 | T19: 2jährig, 30-50 cm, 2,05 €/Stück. | U19: Eichhof
A20: 0 | G20: Bestellung (Kosten) | M20: =J20*K20/60 -> 0 | N20: =J20*L20/60 -> 0 | Q20: Eschen (Fraxinus excelsior) | R20: 20 | S20: =R20*0.95 -> 19 | T20: 1jährig, 15-30 cm, 0,95€/Stück. | U20: Eichhof
A21: 0 | G21: Bestellung (Kosten) | M21: =J21*K21/60 -> 0 | N21: =J21*L21/60 -> 0 | Q21: Maulbeeren (Morus nigra) | R21: 30 | S21: =R21*2.43 -> 72.9 | T21: 2jährig, 30-50 cm, 2,43€/Stück. | U21: Eichhof
A22: 0 | G22: Bestellung (Kosten) | M22: =J22*K22/60 -> 0 | N22: =J22*L22/60 -> 0 | Q22: Himbeerpflanzen (eigene Zucht) | R22: 60 | S22: 0 | T22: Himbeeren aus dem eigenen Bestand vermehrt (gelbe Himbeere aus Witzenhausen ohne Zuchtschutz) | U22: Eichhof
A23: 0 | G23: Bestellung (Kosten) | M23: =J23*K23/60 -> 0 | N23: =J23*L23/60 -> 0 | Q23: Waldhasel (Corylus avellana) | R23: 30 | S23: =R23*0.86 -> 25.8 | T23: 1jährig, 15-30 cm, 0,86€/Stück. | U23: Eichhof
A24: 0 | G24: Bestellung (Kosten) | M24: =J24*K24/60 -> 0 | N24: =J24*L24/60 -> 0 | Q24: Versandkosten | R24: 2 | S24: =35+18.99 -> 53.99 | T24: Versand von 2 Baumschulen, anteilige Kosten | U24: Eichhof
A25: 0 | G25: Recherche Pflanzgut | H25: Recherche, Beantragung von Einzelgenehmigungen für Pflanzgut in konventioneller Qualität (OrganicXSeed-Datenbank) | I25: 45954 | J25: 75 | K25: 1 | M25: =J25*K25/60 -> 1.25 | N25: =J25*L25/60 -> 0 | P25: PC, Logindaten für OrganicXSeed | T25: Circa 2 Wochen bis zur Genehmigung einplanen, https://www.organicxseeds.de/# | U25: Eichhof
A26: 0 | Q26: Baumschutz: Hasendraht als Einzelbaumschutz | R26: 150 | S26: =R26*0.56/1.19 -> 70.588235 | T26: Feuerverzinktes Drahtgitter, 0,56€/Stk Brutto. Aus vorhandenen Betriebsmitteln. Hasendraht: 1 Rolle mit 1 m x 10 m --> 1 Schutz á 25 cm x 50 cm entspricht 80 Hasendrähten aus 10 m Rolle. Der Hasendraht wird ca. 2 cm in den Boden eingedreht für stabilen Halt, es sind keine weiteren Hilfsmittel notwendig. | U26: Eichhof
A27: 0 | G27: Bestellung (Kosten) | M27: =J27*K27/60 -> 0 | N27: =J27*L27/60 -> 0 | Q27: Baumschutz: Mobiler Steckzaun mit drei Litzen, doppelt gezogen | R27: 420 m | S27: =47.47*2/1.19 -> 79.781513 | T27: VOSS.farming Weidezaunlitze 420 m, 3x 0,25 Kupfer und 3x 0,20 Niro, weiß | U27: Eichhof
A28: 0 | G28: Bestellung (Kosten) | M28: =J28*K28/60 -> 0 | N28: =J28*L28/60 -> 0 | Q28: Baumschutz: Eichenpfähle | R28: 8 | S28: =R28*4.4 -> 35.2 | T28: Eichenbaumpfähle aus eigenem Bestand. 4,40 € / Stück (Netto). 180 cm Länge, 8-13 cm Durchmesser | U28: Eichhof
A29: 0 | G29: Bodenbearbeitung | H29: Tiefenlockerung: Lockerung möglicher Verdichtungen für einen besseren Anwuchs der Pflanzen | I29: 45852 | J29: 20 | K29: 1 | M29: =J29*K29/60 -> 0.33333333 | N29: =J29*L29/60 -> 0 | O29: Rücstzeit (3 AFS): 30 min | P29: Trecker (Fendt Vario), Bremer Parallellockerer | Q29: Maschinenkosten | R29: 27 €/h | S29: =0.33*27 -> 8.91 | T29: Der Arbeitsgang wurde für die drei neuen Agroforstsysteme gleichzeitig durchgeführt, anteilige Rüstzeit: 10 min | U29: Eichhof
A30: 0 | G30: Einmessen | H30: GPS-Einmessen und GIS Planung. | I30: 45930 | J30: 20 | K30: 1 | M30: =J30*K30/60 -> 0.33333333 | N30: =J30*L30/60 -> 0 | O30: 5 min Rüstzeit | P30: GPS Messgerät, PC (GIS-Planung) | T30: Beim Futterlaub wurden 11 Anfangspunkte für die Pflanzabschnitte eingemessen. Dann konnte von da aus in 1m Schritten gepflanzt werden. | U30: Eichhof
A31: 0 | G31: Fräsen | H31: Gehölzstreifen fräsen. Umbruch der Grasnarbe für die Etablierung der Futterlaubhecke. | I31: 45971 | J31: 65 | K31: 1 | M31: =J31*K31/60 -> 1.0833333 | N31: =J31*L31/60 -> 0 | O31: 40 min Rüstzeit | P31: 415 Fendt Vario, Howard Fräse mit 2 m Arbeitsbreite | Q31: Maschinenkosten | R31: 27 €/h | S31: =1*27 -> 27 | U31: Eichhof
A32: 0 | G32: Pflügen | H32: Gehölzstreifen für die Etablierung der jungen Pflanzen pflügen, Grasnarbe unterdrücken. | I32: 45971 | J32: 75 | K32: 1 | M32: =J32*K32/60 -> 1.25 | N32: =J32*L32/60 -> 0 | O32: 10 min Rüstzeit | P32: 415 Fendt Vario, Pflug | Q32: Maschinenkosten | R32: 27 €/h | S32: =1.25*27 -> 33.75 | U32: Eichhof
A33: 0 | G33: Mulchen | H33: Beladen des Futtermischwagens mit Silagegrünschnitt (nicht futtergeeignete Silage). Mulchmaterial wird zerkleinert und gemischt, dann mit dem Einstreugebläse des Futtermischwagens ausgebracht. Mit Forke verteilen. | I33: 45971 | J33: 170 | K33: 1 | L33: 1 | M33: =J33*K33/60 -> 2.8333333 | N33: =J33*L33/60 -> 2.8333333 | O33: Eine Person muss mitgehen und die jungen Gehölze von zu viel Mulch befreien. Arbeitsgeschwindigkeit 2-3 km/h. | P33: 415 Fendt Vario, Kramer Teleskoplader (110PS), Futtermischwagen, Forke | Q33: Maschinenkosten | R33: 27 €/h, 35 €/h | S33: =(27+35)*2.8 -> 173.6 | T33: Mulchmaterial; 10 Liter EMs - für Mulchung mit magerem Material | U33: Eichhof
A34: 0 | Q34: Mulchmaterial | R34: 16t | S34: 200 | T34: Mulchmaterial aus nicht verwertbaren Reststoffen | U34: Eichhof
A35: 0 | Q35: Effektive Mikroorganismen (EMs) | R35: 10 l | S35: =2*10 -> 20 | T35: € 2/l | U35: Eichhof
A36: 0 | G36: Pflanzgut verladen | H36: Pflanzen wurden durch Baumschule angeliefert und auf dem Hof verladen. Aufgrund niedriger Temperaturen wurden die Pflanzen in Heu eingeschlagen. | I36: 45977 | J36: 15 | K36: 1 | L36: 1 | M36: =J36*K36/60 -> 0.25 | N36: =J36*L36/60 -> 0.25 | P36: Spaten | Q36: Heu | R36: 1 Bund | S36: =3 -> 3 | T36: Das Einschlagen in Heu war eine spontane Lösung, um die Pflanzen vor Kälte zu schützen. Bund Heu: € 3 /Stück. | U36: Eichhof
A37: 0 | G37: Zwischenlager für Baumschulgehölze vorbereiten | H37: Einschlag vorbereiten: Graben ziehen auf ca. 20-30 cm. Dann Gehölze dort schräg einlegen und mit Erde füllen, damit sie wieder schnell entnommen werden können für die zeitverzögerte Pflanzung. | I37: 45978 | J37: 30 | K37: 1 | L37: 1 | M37: =J37*K37/60 -> 0.5 | N37: =J37*L37/60 -> 0.5 | P37: Spaten | U37: Eichhof
A38: 0 | G38: Vorbereitung der Pflanzung | H38: Heraussuchen: Baumschutz und benötigte Geräte. Transport von Betriebsmitteln, z.T. im Viehwagen. | I38: 45978 | J38: 15 | K38: 1 | L38: 1 | M38: =J38*K38/60 -> 0.25 | N38: =J38*L38/60 -> 0.25 | P38: Kramer Teleskoplader (110 PS), Viehwagen | Q38: Maschinenkosten | R38: 35 €/h | S38: =35*0.25 -> 8.75 | T38: Der Viehwagen ist während der gesamten Pflanzzeit auf der Wiese geblieben. Deshalb besteht bei den Pflanzungen die Rüstzeit i.d.R. nur aus dem Weg zur Fläche und dem Zusammensuchen der Materialien aus dem Viehwagen. | U38: Eichhof
A39: 0 | G39: Mulchen | H39: Holzhackschnitzel auf dem Baumstreifen verteilen. | I39: 45987 | J39: 60 | K39: 1 | M39: =J39*K39/60 -> 1 | N39: =J39*L39/60 -> 0 | P39: Spaten, Schubkarre | Q39: Holzhackschnitzel | R39: 4 Schub-karren | S39: 10 | T39: Die Holzhackschnitzel wurden mit der Schubkarre für die kleinen Baumscheiben transportiert. Das Mulchen wurde erst im Pflanzprozess vorgenommen. | U39: Eichhof
A40: 0 | G40: Pflanzpunkte einmessen, Pflanzung | H40: Pflanzpunkte einmessen und mit Robinienstäben markieren. Pflanzung von Futterlaubgehölzen (Holunder, Linden): Pflanzloch ausheben, Pflanzgut holen und setzen, Loch füllen, Baumschutz anbringen (kleiner Hasendraht) | J40: 100 | K40: 1 | L40: 1 | M40: =J40*K40/60 -> 1.6666667 | N40: =J40*L40/60 -> 1.6666667 | O40: 5 min Rüstzeit | P40: Messgerät RTK Calibrated Surveyor Kit, Spaten. | Q40: Pflanzgut, Baumschutz (Hasendraht). | R40: s.o. | T40: Mulchen mit Holzhackschnitzeln wurde in dem Schritt noch nicht gemacht. Messgeräte wurden zu Fuß/Fahrrad zum Feld transportiert | U40: Eichhof
A41: 0 | G41: Pflanzung | H41: Pflanzung von Futterlaubgehölzen (Holunder, Linden): Pflanzloch ausheben, Pflanzgut holen und setzen, Loch füllen, Baumschutz anbringen (Hasendraht) | I41: 45993 | J41: 215 | K41: 1 | L41: 1 | M41: =J41*K41/60 -> 3.5833333 | N41: =J41*L41/60 -> 3.5833333 | O41: Inkl. Einarbeitung einer Praktikantin (30 min). 5 min Rüstzeit. | P41: Spaten | Q41: Pflanzgut, Baumschutz (Hasendraht). | R41: s.o. | U41: Eichhof
A42: 0 | G42: Pflanzung | H42: Pflanzung von Futterlaubgehölzen (Eschen, Maulbeeren): Pflanzloch ausheben, Pflanzgut holen und setzen, Loch füllen, Baumschutz anbringen (Hasendraht) | I42: 45994 | J42: 60 | K42: 1 | L42: 1 | M42: =J42*K42/60 -> 1 | N42: =J42*L42/60 -> 1 | O42: Inkl. Einarbeitung einer Praktikantin (30 min). 5 min Rüstzeit. | P42: Spaten | Q42: Pflanzgut, Baumschutz (Hasendraht), alter Jutesack | R42: s.o. | T42: Erdaushub mit Trennung: Bei den größeren Pflanzen wurden mit Hilfe des Jutescaks die oberen 10 cm Boden von den unteren getrennt, damit es keine Vermischung von Unter- und Oberboden gibt. | U42: Eichhof
A43: 0 | B43: =SUM(M12:M42)*D8 -> 454.66667 | C43: =SUM(N12:N42)*D9 -> 140.15833 | D43: =SUM(S12:S42) -> 964.76975 | E43: =SUM(B43:D43) -> 1559.5947 | F43: =SUM(V12:V42) -> 0
A44: 1 | G44: Pflanzung | H44: Pflanzung von Futterlaubgehölzen (Linden, Maulbeeren): teilweise gefrorenen Silagemulch entfernen, Pflanzloch ausheben, Pflanzgut holen und setzen, Loch füllen, Baumschutz anbringen (Hasendraht) | I44: 46028 | J44: 85 | K44: 1 | L44: 2 | M44: =J44*K44/60 -> 1.4166667 | N44: =J44*L44/60 -> 2.8333333 | O44: Drei Arbeitskräfte waren jeweils 85 min anwesend, zwei Arbeitskräfte jeweils 50 min. 5 min Rüstzeit. | P44: Spaten, Schubkarre. | Q44: Pflanzgut, Hasendraht | R44: s.o. | U44: Eichhof
A45: 1 | G45: Pflanzung | H45: Pflanzung von Futterlaubgehölzen (Linden, Maulbeeren): teilweise gefrorenen Silagemulch entfernen, Pflanzloch ausheben, Pflanzgut holen und setzen, Loch füllen, Baumschutz anbringen (Hasendraht). Eingeschlagenes / eingegrabenes Pflanzgut aus betriebseigener Baumschule ausgraben. | I45: 46028 | J45: 50 | K45: 1 | L45: 1 | M45: =J45*K45/60 -> 0.83333333 | N45: =J45*L45/60 -> 0.83333333 | O45: Drei Arbeitskräfte waren jeweils 85 min anwesend, zwei Arbeitskräfte jeweils 50 min. 5 min Rüstzeit. | P45: Spaten, Schubkarre. | Q45: Pflanzgut, Hasendraht | R45: s.o. | U45: Eichhof
A46: 1 | G46: Pflanzung | H46: Pflanzung von Futterlaubgehölzen (Eschen, Hasel): teilweise gefrorenen Silagemulch entfernen, Pflanzloch ausheben, Pflanzgut holen und setzen, Loch füllen, Baumschutz anbringen (Hasendraht). Eingeschlagenes / eingegrabenes Pflanzgut aus betriebseigener Baumschule ausgraben. | I46: 46029 | J46: 120 | K46: 2 | L46: 3 | M46: =J46*K46/60 -> 4 | N46: =J46*L46/60 -> 6 | O46: 5 min Rüstzeit | P46: Spaten, Schubkarre. | Q46: Pflanzgut, Hasendraht | R46: s.o. | U46: Eichhof
A47: 1 | G47: Pflanzung | H47: Entnahme und Pflanzung der Himbeeren: auspflanzen, Pflanzlöcher vorbereiten, pflanzen, mulchen | I47: 46086 | J47: 60 | K47: 1 | L47: 2 | M47: =J47*K47/60 -> 1 | N47: =J47*L47/60 -> 2 | O47: 10 min Rüstzeit | P47: Spaten,Teleskoplader als Transportmittel, Bagger, Schubkarre. | Q47: Pflanzgut | R47: s.o. | T47: Teleskoplader als Transportfahrzeug (keine Rüstzeit); Pflanzung 20 Minuten mit Bagger vorbereiten. Begradigung der Hecke: Himbeeren wurden händisch an ihren finalen Standort gesetzt, um eine gerade Linie mit den übrigen Pflanzen zu bilden. | U47: Eichhof
A48: 1 | M48: =J48*K48/60 -> 0 | N48: =J48*L48/60 -> 0 | Q48: Maschinenkosten | R48: 35 €/h | S48: =35 -> 35 | U48: Eichhof
A49: 1 | G49: Neuaussaat | H49: Aussaat einer Kräutermischung mit einem Single-Row-Seeder | I49: März 2026 | J49: 60 | K49: 1 | M49: =J49*K49/60 -> 1 | N49: =J49*L49/60 -> 0 | O49: 30 min Rüstzeit | P49: Single-Row-Seeder | Q49: Saatgut | R49: 200g | S49: =133.2/5*0.2 -> 5.328 | T49: € 133,2 für 5 kg
A50: 1 | G50: Einzäunung Futterlaub | H50: Eichenpfähle setzen, Zaun spannen und anbringen (Metalllitze) | I50: 46112 | J50: 150 | K50: 1 | L50: 1 | M50: =J50*K50/60 -> 2.5 | N50: =J50*L50/60 -> 2.5 | P50: Teleskoplader, Hammer, Zaunspanner, Handwerkzeug | Q50: Maschinenkosten | R50: 35 €/h | S50: =35 -> 35 | U50: Eichhof
A51: 1 | G51: Beikrautkontrolle (Mulchen) | H51: Mulchen mit einer nährstoffreicheren Mischung (20% Holzhackschnitzel, 20% Rindermist und 60% Silage) | I51: 2026 | J51: 60 | K51: 1 | L51: 1 | M51: =J51*K51/60 -> 1 | N51: =J51*L51/60 -> 1 | O51: 15 min Rüstzeit (Beladen) | P51: Futtermischwagen Siloking mit Querförderband; Teleskoplader Kramer, Trecker Fendt Farmer 110 | Q51: Mulch: 20% Holzhackschnitzel, 20% Rindermist, 60% Silage | R51: 8 t | S51: =75/1.19 -> 63.02521 | U51: Eichhof, Beraterteam
A52: 1 | I52: 2026 | M52: =J52*K52/60 -> 0 | N52: =J52*L52/60 -> 0 | Q52: Maschinenkosten | R52: 25 €/h, 35 €/h, 27 €/h = 87 €/ h | S52: =87 -> 87 | U52: Eichhof
A53: 1 | G53: Bewässerung | H53: Güllewagen als Wassertank mit Schlauch mit Löchern zur Bewässerung/Beregnung. | I53: 2026 | J53: 120 | K53: 1 | M53: =J53*K53/60 -> 2 | N53: =J53*L53/60 -> 0 | O53: Rüstzeit ca. 30 min | P53: Güllewagen 10³; Trecker Fendt Farmer 110 | Q53: Wasserverbrauch | R53: 600 l | S53: 0 | T53: Eichhof: kostenloses Brunnenwasser. Das Güllefass hat eine Füllmenge von 10m³. Langsames Fahren mit 0,5km/h, mehrmaliges entlang fahren. Beraterteam: Kein weiteres Gießen geplant. Erfahrungswerte: Anwuchsgießen ist ausreichend. | U53: Eichhof, Beraterteam
A54: 1 | I54: 2026 | Q54: Maschinenkosten | R54: 27 €/h | S54: =M53*27 -> 54 | U54: Eichhof
A55: 1 | G55: Kontrollgang: Baumschutz | H55: Weidesaison: Es wird keine zusätzliche Zeit dafür benötigt, da während der Weidesaison beim Holen der Tiere zum Melken kontrolliert wird. | I55: 2026 | J55: 0 | K55: 0 | L55: 0 | M55: =J55*K55/60 -> 0 | N55: =J55*L55/60 -> 0 | U55: Eichhof
A56: 1 | G56: Kontrollgang: Baumschutz | H56: Vor Winterbeginn Baumschutz kontrollieren und nachbessern | I56: 2026 | J56: 25 | K56: 1 | M56: =J56*K56/60 -> 0.41666667 | T56: Der Verbissschutz muss vor dem Winter geprüft werden, damit hungriges Wild keine Rinde abnagt. | U56: Eichhof
A57: 1 | B57: =(SUM(M44:M56)*D8)*(1+2%)^1 -> 317.9 | C57: =(SUM(N44:N56)*D9)*(1+2%)^1 -> 215.033 | D57: =SUM(S44:S56) -> 279.35321 | E57: =SUM(B57:D57) -> 812.28621 | F57: =SUM(V44:V56) -> 0
A58: 2 | G58: Kontrollgang: Baumschutz | H58: Vor Beginn der Weidesaison: Baumschutz kontrollieren und nachbessern | I58: 2027 | J58: 25 | K58: 1 | M58: =J58*K58/60 -> 0.41666667 | N58: =J58*L58/60 -> 0 | T58: Der Verbissschutz muss ebenfalls nach der Winterpause geprüft werden, damit bei der Beweidung der Baumschutz gut sitzt. | U58: Eichhof
A59: 2 | G59: Kontrollgang: Baumschutz | H59: Vor Winterbeginn Baumschutz kontrollieren und nachbessern | I59: 2027 | J59: 25 | K59: 1 | M59: =J59*K59/60 -> 0.41666667 | N59: =J59*L59/60 -> 0 | T59: Der Verbissschutz muss vor dem Winter geprüft werden, damit hungriges Wild keine Rinde abnagt. | U59: Eichhof
A60: 2 | G60: Bewässerung | H60: Güllewagen als Wassertank mit Schlauch mit Löchern zur Bewässerung/Beregnung. | I60: 2027 | J60: 120 | K60: 1 | M60: =J60*K60/60 -> 2 | N60: =J60*L60/60 -> 0 | O60: Rüstzeit ca. 30 min | P60: Güllewagen 10³; Trecker Fendt Farmer 110 | Q60: Wasserverbrauch | R60: 400 l | S60: 0 | T60: Eichhof: kostenloses Brunnenwasser. Das Güllefass hat eine Füllmenge von 10m³. Langsames Fahren mit 0,5km/h, mehrmaliges entlang fahren. Beraterteam: Einmaliges Gießen im 2. Jahr einplanen (bei Trockenheit). 1-2 Liter pro Baum (=210 - 420 Liter). | U60: Eichhof, Beraterteam
A61: 2 | I61: 2027 | Q61: Maschinenkosten | R61: 27 €/h | S61: =M60*27 -> 54 | U61: Eichhof
A62: 2 | G62: Beikrautkontrolle (Mulchen) | H62: Mulchen mit einer nährstoffreicheren Mischung (20% Holzhackschnitzel, 20% Rindermist und 60% Silage) | I62: 2027 | J62: 60 | K62: 1 | L62: 1 | M62: =J62*K62/60 -> 1 | N62: =J62*L62/60 -> 1 | O62: 15 min Rüstzeit (Beladen) | P62: Futtermischwagen Siloking mit Querförderband; Teleskoplader Kramer, Trecker Fendt Farmer 110 | Q62: Mulch: 20% Holzhackschnitzel, 20% Rindermist, 60% Silage | R62: 8 t | S62: =75/1.19 -> 63.02521 | T62: Bruttopreis Mulch: € 75 | U62: Eichhof, Beraterteam
A63: 2 | I63: 2027 | M63: =J63*K63/60 -> 0 | N63: =J63*L63/60 -> 0 | Q63: Maschinenkosten | R63: 25 €/h, 35 €/h, 27 €/h = 87 €/ h | S63: =87 -> 87 | U63: Eichhof
A64: 2 | G64: Nachpflanzen (falls relevant) | H64: Ausfallquote 4 % (~20 Pflanzen), händisches Nachpflanzen | I64: 2027 | J64: 75 | K64: 1 | M64: =J64*K64/60 -> 1.25 | N64: =J64*L64/60 -> 0 | O64: Rüstzeit: 15 min | P64: Spaten | Q64: Pflanzgut, Gehölze | R64: 20 | S64: =R64*1.14 -> 22.8 | T64: Ausfallquote: basiert auf bisherigen Erfahrungen (Eichhof, Beraterteam) Pflanzgut: aus eigener Baumschule (übriggebliebenes Pflanzgut für eventuelle Nachpflanzungen) Pflanzgutkosten: Durchschnittlicher Stückpreis (Jahr 0) | U64: Eichhof, Beraterteam
A65: 2 | B65: =(SUM(M58:M64)*D8)*(1+2%)^2 -> 116.3514 | C65: =(SUM(N58:N64)*D9)*(1+2%)^2 -> 14.46156 | D65: =SUM(S58:S64) -> 226.82521 | E65: =SUM(B65:D65) -> 357.63817 | F65: =SUM(V58:V64) -> 0
A66: 3 | G66: Kontrollgang Baumschutz | H66: Vor Beginn der Weidesaison: Baumschutz kontrollieren und nachbessern | I66: 2028 | J66: 25 | K66: 1 | M66: =J66*K66/60 -> 0.41666667 | N66: =J66*L66/60 -> 0 | O66: Rüstzeit: 15 min | T66: Verbissschutz prüfen, damit bei der Beweidung der Baumschutz gut sitzt. | U66: Eichhof
A67: 3 | B67: =(SUM(M66:M66)*D8)*(1+2%)^3 -> 9.72774 | C67: =(SUM(N66:N66)*D9)*(1+2%)^3 -> 0 | D67: =SUM(S66:S66) -> 0 | E67: =SUM(B67:D67) -> 9.72774 | F67: =SUM(V66:V66) -> 0
A68: 4 | G68: Kontrollgang Baumschutz | H68: Vor Beginn der Weidesaison: Baumschutz kontrollieren und nachbessern | I68: 2029 | J68: 25 | K68: 1 | M68: =J68*K68/60 -> 0.41666667 | N68: =J68*L68/60 -> 0 | O68: Rüstzeit: 15 min | T68: Verbissschutz prüfen, damit bei der Beweidung der Baumschutz gut sitzt. | U68: Eichhof
A69: 4 | B69: =(SUM(M68:M68)*D8)*(1+2%)^4 -> 9.9222948 | C69: =(SUM(N68:N68)*D9)*(1+2%)^4 -> 0 | D69: =SUM(S68:S68) -> 0 | E69: =SUM(B69:D69) -> 9.9222948 | F69: =SUM(V68:V68) -> 0
A70: 5 | G70: Kontrollgang Baumschutz | H70: Vor Beginn der Weidesaison: Baumschutz kontrollieren und nachbessern | I70: 2030 | J70: 25 | K70: 1 | M70: =J70*K70/60 -> 0.41666667 | N70: =J70*L70/60 -> 0 | O70: Rüstzeit: 15 min | T70: Verbissschutz prüfen, damit bei der Beweidung der Baumschutz gut sitzt. | U70: Eichhof
A71: 5 | G71: Futterlaub ernten | H71: Jährliche motormanuelle Ernte der einjährigen Triebe für Frischfutter. Alle 3 Jahre Kappen der Bäume auf 1,5-2m Höhe für besseren Wiederaufwuchs. | I71: 2030 | J71: =240+140 -> 380 | K71: 1 | M71: =J71*K71/60 -> 6.3333333 | N71: =J71*L71/60 -> 0 | O71: Kappen: Insg. 140 min inkl. 20 min Rüstzeit. Ernte der einjährigen Triebe: 30 min pro Woche inkl. Rüstzeit über ~8 Wochen (240 min). | P71: Akku-Heckenschere Makita, Motorsäge, Teleskoplader | Q71: Benzin; Diesel | R71: 10 l | S71: 22 | T71: Das Schnittgut wird im Hochsommer (Juni - Juli) als zusätzliche Futterkomponente für die Rinder verwendet. Weitere Ziele der Maßnahmen: Wachstum in die Breite, besserer Wiederaufwuchs. Hinweis: Die Arbeit könnte nach Anleitung auch von einer Hilfskraft erledigt werden. | U71: Eichhof, Beraterteam | V71: =((Futterlauberlöse!A25+Futterlauberlöse!E38)*(1+3%)^5)*2 -> 42.652012
A72: 5 | I72: 2030 | M72: =J72*K72/60 -> 0 | N72: =J72*L72/60 -> 0 | Q72: Maschinenkosten Teleskoplader | R72: 35 €/h | S72: =35*2 -> 70 | T72: Zum Kappen der Bäume auf 1,5-2m Höhe | U72: Eichhof
A73: 5 | B73: =(SUM(M70:M72)*D8)*(1+2%)^5 -> 163.956 | C73: =(SUM(N70:N72)*D9)*(1+2%)^5 -> 0 | D73: =SUM(S70:S72) -> 92 | E73: =SUM(B73:D73) -> 255.956 | F73: =SUM(V70:V72) -> 42.652012
A74: 6 | G74: Kontrollgang Baumschutz | H74: Vor Beginn der Weidesaison: Baumschutz kontrollieren und nachbessern | I74: 2031 | J74: 25 | K74: 1 | M74: =J74*K74/60 -> 0.41666667 | N74: =J74*L74/60 -> 0 | O74: Rüstzeit: 15 min | T74: Verbissschutz prüfen, damit bei der Beweidung der Baumschutz gut sitzt. | U74: Eichhof
A75: 6 | G75: Futterlaub ernten | H75: Jährliche motormanuelle Ernte der einjährigen Triebe für Frischfutter. | I75: 2031 | J75: 240 | K75: 1 | M75: =J75*K75/60 -> 4 | N75: =J75*L75/60 -> 0 | O75: Ernte der einjährigen Triebe: 30 min pro Woche inkl. Rüstzeit über ~8 Wochen. | P75: Akku-Heckenschere Makita | T75: Das Schnittgut wird im Hochsommer (Juni - Juli) als zusätzliche Futterkomponente für die Rinder verwendet. Weitere Ziele der Maßnahmen: Wachstum in die Breite. Hinweis: Die Arbeit könnte nach Anleitung auch von einer Hilfskraft erledigt werden. | U75: Eichhof, Beraterteam | V75: =(Futterlauberlöse!A25+Futterlauberlöse!E38)*(1+3%)^6 -> 21.965786
A76: 6 | B76: =(SUM(M74:M75)*D8)*(1+2%)^6 -> 109.42545 | C76: =(SUM(N74:N75)*D9)*(1+2%)^6 -> 0 | D76: =SUM(S74:S75) -> 0 | E76: =SUM(B76:D76) -> 109.42545 | F76: =SUM(V74:V75) -> 21.965786
A77: 7 | G77: Kontrollgang Baumschutz | H77: Vor Beginn der Weidesaison: Baumschutz kontrollieren und nachbessern | I77: 2032 | J77: 25 | K77: 1 | M77: =J77*K77/60 -> 0.41666667 | N77: =J77*L77/60 -> 0 | O77: Rüstzeit: 15 min | T77: Verbissschutz prüfen, damit bei der Beweidung der Baumschutz gut sitzt. | U77: Eichhof
A78: 7 | G78: Futterlaub ernten | H78: Jährliche motormanuelle Ernte der einjährigen Triebe für Frischfutter. | I78: 2032 | J78: 240 | K78: 1 | M78: =J78*K78/60 -> 4 | N78: =J78*L78/60 -> 0 | O78: Ernte der einjährigen Triebe: 30 min pro Woche inkl. Rüstzeit über ~8 Wochen. | P78: Akku-Heckenschere Makita | T78: Das Schnittgut wird im Hochsommer (Juni - Juli) als zusätzliche Futterkomponente für die Rinder verwendet. Weitere Ziele der Maßnahmen: Wachstum in die Breite. Hinweis: Die Arbeit könnte nach Anleitung auch von einer Hilfskraft erledigt werden. | U78: Eichhof, Beraterteam | V78: =(Futterlauberlöse!A25+Futterlauberlöse!E38)*(1+3%)^7 -> 22.62476
A79: 7 | B79: =(SUM(M77:M78)*D8)*(1+2%)^7 -> 111.61396 | C79: =(SUM(N77:N78)*D9)*(1+2%)^7 -> 0 | D79: =SUM(S77:S78) -> 0 | E79: =SUM(B79:D79) -> 111.61396 | F79: =SUM(V77:V78) -> 22.62476
A80: 8 | G80: Kontrollgang Baumschutz | H80: Vor Beginn der Weidesaison: Baumschutz kontrollieren und nachbessern | I80: 2033 | J80: 25 | K80: 1 | M80: =J80*K80/60 -> 0.41666667 | N80: =J80*L80/60 -> 0 | O80: Rüstzeit: 15 min | T80: Verbissschutz prüfen, damit bei der Beweidung der Baumschutz gut sitzt. | U80: Eichhof
A81: 8 | G81: Futterlaub ernten | H81: Jährliche motormanuelle Ernte der einjährigen Triebe für Frischfutter. Alle 3 Jahre Kappen der Bäume auf 1,5-2m Höhe für besseren Wiederaufwuchs. | I81: 2033 | J81: =240+140 -> 380 | K81: 1 | M81: =J81*K81/60 -> 6.3333333 | N81: =J81*L81/60 -> 0 | O81: Kappen: Insg. 140 min inkl. 20 min Rüstzeit. Ernte der einjährigen Triebe: 30 min pro Woche inkl. Rüstzeit über ~8 Wochen (240 min). | P81: Akku-Heckenschere Makita, Motorsäge, Teleskoplader | Q81: Benzin; Diesel | R81: 10 l | S81: 22 | T81: Das Schnittgut wird im Hochsommer (Juni - Juli) als zusätzliche Futterkomponente für die Rinder verwendet. Weitere Ziele der Maßnahmen: Wachstum in die Breite, besserer Wiederaufwuchs. Hinweis: Die Arbeit könnte nach Anleitung auch von einer Hilfskraft erledigt werden. | U81: Eichhof, Beraterteam | V81: =((Futterlauberlöse!A25+Futterlauberlöse!E39)*(1+3%)^8)*2 -> 57.928889
A82: 8 | I82: 2033 | M82: =J82*K82/60 -> 0 | N82: =J82*L82/60 -> 0 | Q82: Maschinenkosten Teleskoplader | R82: 35 €/h | S82: =35*2 -> 70 | T82: Zum Kappen der Bäume auf 1,5-2m Höhe | U82: Eichhof
A83: 8 | B83: =(SUM(M80:M82)*D8)*(1+2%)^8 -> 173.99142 | C83: =(SUM(N80:N82)*D9)*(1+2%)^8 -> 0 | D83: =SUM(S80:S82) -> 92 | E83: =SUM(B83:D83) -> 265.99142 | F83: =SUM(V80:V82) -> 57.928889
A84: 9 | G84: Kontrollgang Baumschutz | H84: Vor Beginn der Weidesaison: Baumschutz kontrollieren und nachbessern | I84: 2034 | J84: 25 | K84: 1 | M84: =J84*K84/60 -> 0.41666667 | N84: =J84*L84/60 -> 0 | O84: Rüstzeit: 15 min | T84: Verbissschutz prüfen, damit bei der Beweidung der Baumschutz gut sitzt. | U84: Eichhof
A85: 9 | G85: Futterlaub ernten | H85: Jährliche motormanuelle Ernte der einjährigen Triebe für Frischfutter. | I85: 2034 | J85: 240 | K85: 1 | M85: =J85*K85/60 -> 4 | N85: =J85*L85/60 -> 0 | O85: Ernte der einjährigen Triebe: 30 min pro Woche inkl. Rüstzeit über ~8 Wochen. | P85: Akku-Heckenschere Makita | T85: Das Schnittgut wird im Hochsommer (Juni - Juli) als zusätzliche Futterkomponente für die Rinder verwendet. Weitere Ziele der Maßnahmen: Wachstum in die Breite. Hinweis: Die Arbeit könnte nach Anleitung auch von einer Hilfskraft erledigt werden. | U85: Eichhof, Beraterteam | V85: =(Futterlauberlöse!A25+Futterlauberlöse!E39)*(1+3%)^9 -> 29.833378
A86: 9 | B86: =(SUM(M84:M85)*D8)*(1+2%)^9 -> 116.12316 | C86: =(SUM(N84:N85)*D9)*(1+2%)^9 -> 0 | D86: =SUM(S84:S85) -> 0 | E86: =SUM(B86:D86) -> 116.12316 | F86: =SUM(V84:V85) -> 29.833378
A87: 10 | G87: Kontrollgang Baumschutz | H87: Vor Beginn der Weidesaison: Baumschutz kontrollieren und nachbessern | I87: 2035 | J87: 25 | K87: 1 | M87: =J87*K87/60 -> 0.41666667 | N87: =J87*L87/60 -> 0 | O87: Rüstzeit: 15 min | T87: Verbissschutz prüfen, damit bei der Beweidung der Baumschutz gut sitzt. | U87: Eichhof
A88: 10 | G88: Futterlaub ernten | H88: Jährliche motormanuelle Ernte der einjährigen Triebe für Frischfutter. | I88: 2035 | J88: 240 | K88: 1 | M88: =J88*K88/60 -> 4 | N88: =J88*L88/60 -> 0 | O88: Ernte der einjährigen Triebe: 30 min pro Woche inkl. Rüstzeit über ~8 Wochen. | P88: Akku-Heckenschere Makita | T88: Das Schnittgut wird im Hochsommer (Juni - Juli) als zusätzliche Futterkomponente für die Rinder verwendet. Weitere Ziele der Maßnahmen: Wachstum in die Breite. Hinweis: Die Arbeit könnte nach Anleitung auch von einer Hilfskraft erledigt werden. | U88: Eichhof, Beraterteam | V88: =(Futterlauberlöse!A25+Futterlauberlöse!E40)*(1+3%)^10 -> 36.734073
A89: 10 | G89: Kostenersparnis | H89: Die Verlängerung der Weidezeit (siehe Leitfaden) reduziert den Arbeitsaufwand um bis zu 100 Stunden. Es wird jedoch konservativ mit 60 Stunden gerechnet. | I89: 2035 | M89: =J89*K89/60 -> 0 | N89: =J89*L89/60 -> 0 | O89: Zeitersparnis: 60 Arbeitsstunden (1/3 Fachkraft, 2/3 Hilfskräfte) | T89: Hier wirken die drei neuen Agroforstsysteme – Obstsystem, Futterlaub und Windschutz – zusammen. Die Zeitersparnis kann nur 1x verrechnet werden. Einsparungen bei den Direktkosten sind möglich (v.a. Mineralstoffe, ggf. Tierarztkosten), wurden hier jedoch nicht berücksichtigt. | U89: Eichhof, Anja | V89: =(22*20+13.9*40)*(1+2%)^10 -> 1214.1184
A90: 10 | B90: =(SUM(M87:M89)*D8)*(1+2%)^10 -> 118.44562 | C90: =(SUM(N87:N89)*D9)*(1+2%)^10 -> 0 | D90: =SUM(S87:S89) -> 0 | E90: =SUM(B90:D90) -> 118.44562 | F90: =SUM(V87:V89) -> 1250.8525
A91: 11 | G91: Kontrollgang Baumschutz | H91: Vor Beginn der Weidesaison: Baumschutz kontrollieren und nachbessern | I91: 2036 | J91: 25 | K91: 1 | M91: =J91*K91/60 -> 0.41666667 | N91: =J91*L91/60 -> 0 | O91: Rüstzeit: 15 min | T91: Verbissschutz prüfen, damit bei der Beweidung der Baumschutz gut sitzt. | U91: Eichhof
A92: 11 | G92: Futterlaub ernten | H92: Jährliche motormanuelle Ernte der einjährigen Triebe für Frischfutter. Alle 3 Jahre Kappen der Bäume auf 1,5-2m Höhe für besseren Wiederaufwuchs. | I92: 2036 | J92: =240+140 -> 380 | K92: 1 | M92: =J92*K92/60 -> 6.3333333 | N92: =J92*L92/60 -> 0 | O92: Kappen: Insg. 140 min inkl. 20 min Rüstzeit. Ernte der einjährigen Triebe: 30 min pro Woche inkl. Rüstzeit über ~8 Wochen (240 min). | P92: Akku-Heckenschere Makita, Motorsäge, Teleskoplader | Q92: Benzin; Diesel | R92: 10 l | S92: 22 | T92: Das Schnittgut wird im Hochsommer (Juni - Juli) als zusätzliche Futterkomponente für die Rinder verwendet. Weitere Ziele der Maßnahmen: Wachstum in die Breite, besserer Wiederaufwuchs. Hinweis: Die Arbeit könnte nach Anleitung auch von einer Hilfskraft erledigt werden. | U92: Eichhof, Beraterteam | V92: =((Futterlauberlöse!A25+Futterlauberlöse!E40)*(1+3%)^11)*2 -> 75.67219
A93: 11 | I93: 2036 | M93: =J93*K93/60 -> 0 | N93: =J93*L93/60 -> 0 | Q93: Maschinenkosten Teleskoplader | R93: 35 €/h | S93: =35*2 -> 70 | T93: Zum Kappen der Bäume auf 1,5-2m Höhe | U93: Eichhof
A94: 11 | G94: Kostenersparnis | H94: Die Verlängerung der Weidezeit (siehe Leitfaden) reduziert den Arbeitsaufwand um bis zu 100 Stunden. Es wird jedoch konservativ mit 60 Stunden gerechnet. | I94: 2036 | M94: =J94*K94/60 -> 0 | N94: =J94*L94/60 -> 0 | O94: Zeitersparnis: 60 Arbeitsstunden (1/3 Fachkraft, 2/3 Hilfskräfte) | T94: Hier wirken die drei neuen Agroforstsysteme – Obstsystem, Futterlaub und Windschutz – zusammen. Die Zeitersparnis kann nur 1x verrechnet werden. Einsparungen bei den Direktkosten sind möglich (v.a. Mineralstoffe, ggf. Tierarztkosten), wurden hier jedoch nicht berücksichtigt. | U94: Eichhof, Anja | V94: =(22*20+13.9*40)*(1+2%)^11 -> 1238.4008
A95: 11 | B95: =(SUM(M91:M94)*D8)*(1+2%)^11 -> 184.64108 | C95: =(SUM(N91:N94)*D9)*(1+2%)^11 -> 0 | D95: =SUM(S91:S94) -> 92 | E95: =SUM(B95:D95) -> 276.64108 | F95: =SUM(V91:V94) -> 1314.073
A96: 12 | G96: Kontrollgang Baumschutz | H96: Vor Beginn der Weidesaison: Baumschutz kontrollieren und nachbessern | I96: 2037 | J96: 25 | K96: 1 | M96: =J96*K96/60 -> 0.41666667 | N96: =J96*L96/60 -> 0 | O96: Rüstzeit: 15 min | T96: Verbissschutz prüfen, damit bei der Beweidung der Baumschutz gut sitzt. | U96: Eichhof
A97: 12 | G97: Futterlaub ernten | H97: Jährliche motormanuelle Ernte der einjährigen Triebe für Frischfutter. | I97: 2037 | J97: 240 | K97: 1 | M97: =J97*K97/60 -> 4 | N97: =J97*L97/60 -> 0 | O97: Ernte der einjährigen Triebe: 30 min pro Woche inkl. Rüstzeit über ~8 Wochen. | P97: Akku-Heckenschere Makita | T97: Das Schnittgut wird im Hochsommer (Juni - Juli) als zusätzliche Futterkomponente für die Rinder verwendet. Weitere Ziele der Maßnahmen: Wachstum in die Breite. Hinweis: Die Arbeit könnte nach Anleitung auch von einer Hilfskraft erledigt werden. | U97: Eichhof, Beraterteam | V97: =(Futterlauberlöse!A25+Futterlauberlöse!E40)*(1+3%)^12 -> 38.971178
A98: 12 | G98: Kostenersparnis | H98: Die Verlängerung der Weidezeit (siehe Leitfaden) reduziert den Arbeitsaufwand um bis zu 100 Stunden. Es wird jedoch konservativ mit 60 Stunden gerechnet. | I98: 2037 | M98: =J98*K98/60 -> 0 | N98: =J98*L98/60 -> 0 | O98: Zeitersparnis: 60 Arbeitsstunden (1/3 Fachkraft, 2/3 Hilfskräfte) | T98: Hier wirken die drei neuen Agroforstsysteme – Obstsystem, Futterlaub und Windschutz – zusammen. Die Zeitersparnis kann nur 1x verrechnet werden. Einsparungen bei den Direktkosten sind möglich (v.a. Mineralstoffe, ggf. Tierarztkosten), wurden hier jedoch nicht berücksichtigt. | U98: Eichhof, Anja | V98: =(22*20+13.9*40)*(1+2%)^12 -> 1263.1688
A99: 12 | B99: =(SUM(M96:M98)*D8)*(1+2%)^12 -> 123.23083 | C99: =(SUM(N96:N98)*D9)*(1+2%)^12 -> 0 | D99: =SUM(S96:S98) -> 0 | E99: =SUM(B99:D99) -> 123.23083 | F99: =SUM(V96:V98) -> 1302.14
A100: 13 | G100: Kontrollgang Baumschutz | H100: Vor Beginn der Weidesaison: Baumschutz kontrollieren und nachbessern | I100: 2038 | J100: 25 | K100: 1 | M100: =J100*K100/60 -> 0.41666667 | N100: =J100*L100/60 -> 0 | O100: Rüstzeit: 15 min | T100: Verbissschutz prüfen, damit bei der Beweidung der Baumschutz gut sitzt. | U100: Eichhof
A101: 13 | G101: Futterlaub ernten | H101: Jährliche motormanuelle Ernte der einjährigen Triebe für Frischfutter. | I101: 2038 | J101: 240 | K101: 1 | M101: =J101*K101/60 -> 4 | N101: =J101*L101/60 -> 0 | O101: Ernte der einjährigen Triebe: 30 min pro Woche inkl. Rüstzeit über ~8 Wochen. | P101: Akku-Heckenschere Makita | T101: Das Schnittgut wird im Hochsommer (Juni - Juli) als zusätzliche Futterkomponente für die Rinder verwendet. Weitere Ziele der Maßnahmen: Wachstum in die Breite. Hinweis: Die Arbeit könnte nach Anleitung auch von einer Hilfskraft erledigt werden. | U101: Eichhof, Beraterteam | V101: =(Futterlauberlöse!A25+Futterlauberlöse!E40)*(1+3%)^13 -> 40.140313
...

Sheet Futterlauberlöse
A1: Futterlauberlöse (Laut Leitfaden wird ab Jahr 5 geerntet)
A2: Gibt es neue Erkenntnisse zu den Futterlauberträgen von Sommerlinden (Tilia platyphyllos), Holunder (Sambucus nigra), Eschen (Fraxinus excelsior), Maulbeeren (Morus nigra) und Waldhasel (Corylus avellana)? Bitte an oekonomie@defaf.de weiterleiten, um die Berechnungen zu aktualisieren.
A4: Baumstreifen: | B4: insg. 207 m Länge, 2 m Breite. Fläche: 414 m² = 0,04 ha
A6: Verwendung: | B6: Als Frischfutter im Sommer
A8: Seitentriebe: | B8: Motormanuelle Ernte der einjährigen Triebe in 3 Abschnitten = 69 m / Jahr = 0,014 ha
A9: Schneiteln: | B9: Kappung der Bäume auf 1,5-2m Höhe nach 3 Jahren
A11: Orientierungswert: | B11: 125 kg Laubreisig entspricht etwa 100 kg mittelgutem Wiesenheu | H11: Quelle: M. Machatschek, Laubgeschichten
A14: Holunder / Maulbeeren / Waldhasel (jährlich) | Q14: Baumart | R14: Anzahl
A15: 1,4 t TM pro ha und Jahr bei einer ungedüngten, dreijährigen Pflanzung als Futterlaub | H15: Quelle: https://revistas.uptc.edu.co/index.php/ciencia_en_desarrollo/article/download/9098/8635/33004 | Q15: Sommerlinden (Tilia platyphyllos) | R15: 20
A16: Da Holunder erst nach 6-7 Jahren ausgewachsen ist: ~ 3 t TM pro ha und Jahr ab Jahr 7 (ungedüngt) | Q16: Schwarzer Holunder (Sambucus nigra) | R16: 50
Q17: Eschen (Fraxinus excelsior) | R17: 20
A18: Maulbeeren, Waldhasel: | B18: werden aufgrund fehlender Daten wie Holunder gehandhabt. | Q18: Maulbeeren (Morus nigra) | R18: 30
Q19: Himbeerpflanzen (eigene Zucht)
A20: Anteil im Baumstreifen: | B20: 110 Pflanzen von insg. 150 Gehölzen = 73%. 73% der Fläche entspricht 0,03 ha (ein Drittel = 0,01 ha) | Q20: Waldhasel (Corylus avellana) | R20: 30
A21: Ertrag: | B21: 30 kg / Jahr auf 0,01 ha (bei 3 t TM/ ha & Jahr) | Q21: Summe: | R21: =SUM(R15:R20) -> 150
A22: Entspricht: | B22: Entspricht ~25 kg mittelgutem Wiesenheu (s.Machatschek) = 0,25 dt / Jahr | Q22: Holunder, Maulbeere, Hasel: | R22: =SUM(R16,R18,R20) -> 110
Q23: Sommerlinde, Eschen | R23: =SUM(R15,R17) -> 40
A24: Monetärer Wert extensiver Weide für Milchkühe: 14 € / dt TM & Jahr | H24: Quelle: https://www.lksh.de/fileadmin/PDFs/Landwirtschaft/Markt/Kalk_tier_25_26.pdf
A25: =0.25*14 -> 3.5 | B25: jährlich | C25: 3% jährlicher Preiszuwachs
A28: Sommerlinden, Eschen (jährlich)
A29: Esche: | B29: 16 kg TM pro Baum nach 10 Jahren | H29: Quelle: https://opera-connaissances.chambres-agriculture.fr/doc_num.php?explnum_id=207954
A30: Esche: | B30: 30 kg TM pro Baum nach 30 Jahren | H30: Quelle: https://www.agrarforschungschweiz.ch/wp-content/uploads/2025/04/Galland_Production_vegetale.pdf
A32: Linde: | B32: wird wie Esche gehandhabt (fehlende Daten)
A34: Insg. 40 Bäume, jährlich werden ein Drittel (13,3) beschnitten
A36: Annahme:
B37: kg TM / Jahr & Baum | C37: dt TM / Jahr: 13,3 Bäume | D37: in dt TM Wiesenheu | E37: 14 € /dt TM
A38: 5 Jahre | B38: 10 | C38: =B38*13.3/100 -> 1.33 | D38: =C38/1.25 -> 1.064 | E38: =14*D38 -> 14.896 | F38: 3% jährlicher Preiszuwachs
A39: 8 Jahre | B39: 13 | C39: =B39*13.3/100 -> 1.729 | D39: =C39/1.25 -> 1.3832 | E39: =14*D39 -> 19.3648
A40: 10 Jahre | B40: 16 | C40: =B40*13.3/100 -> 2.128 | D40: =C40/1.25 -> 1.7024 | E40: =14*D40 -> 23.8336
A41: 15 Jahre | B41: 19 | C41: =B41*13.3/100 -> 2.527 | D41: =C41/1.25 -> 2.0216 | E41: =14*D41 -> 28.3024
A42: 20 Jahre | B42: 22 | C42: =B42*13.3/100 -> 2.926 | D42: =C42/1.25 -> 2.3408 | E42: =14*D42 -> 32.7712
A43: 25 Jahre | B43: 25 | C43: =B43*13.3/100 -> 3.325 | D43: =C43/1.25 -> 2.66 | E43: =14*D43 -> 37.24
A46: Kappung auf 1,5 - 2 m Höhe alle 3 Jahre
A47: Die jährliche Erntemenge wird in diesen Jahren verdoppelt (Annahme)
A48: 3% jährlicher Preiszuwachs

Sheet Januar
A1: Januar | B1: 01.01. | C1: 02.01. | D1: 03.01. | E1: 04.01. | F1: 05.01. | G1: 06.01. | H1: 07.01. | I1: 08.01. | J1: 09.01. | K1: 10.01. | L1: 11.01. | M1: 12.01. | N1: 13.01. | O1: 14.01. | P1: 15.01. | Q1: 16.01. | R1: 17.01. | S1: 18.01. | T1: 19.01. | U1: 20.01. | V1: 21.01. | W1: 22.01. | X1: 23.01. | Y1: 24.01. | Z1: 25.01. | AA1: 26.01. | AB1: 27.01. | AC1: 28.01. | AD1: 29.01. | AE1: 30.01. | AF1: 31.01. | AG1: Gesamt
A2: Lebensmittel | AF2: 8 | AG2: Lebensmittel
AG6: =SUM(B2:AF6) -> 8
A7: auswärts essen | AF7: 10 | AG7: auswärts essen
AG10: =SUM(B7:AF10) -> 10
A11: Transport | AF11: 12 | AG11: Transport
AG14: =SUM(B11:AF14) -> 12
A15: Kleidung | AF15: 20 | AG15: Kleidung
AG19: =SUM(B15:AF19) -> 20
A20: Freizeit | AG20: Freizeit
AG24: =SUM(B20:AF24) -> 0
A25: Hygiene/Kosmetik | AG25: Hygiene/Kosmetik
AG29: =SUM(B25:AF29) -> 0
A30: Bildung | AG30: Bildung
AG34: =SUM(B30:AF34) -> 0
A35: ? | AG35: ?
AG37: =SUM(B35:AF37) -> 0
A38: ? | AG38: ?
AG40: =SUM(B38:AF40) -> 0
A41: Sonstiges | AG41: Sonstiges
AG44: =SUM(B41:AF44) -> 0
A45: TOTAL | B45: =SUM(B2:B44) -> 0 | C45: =SUM(C2:C44) -> 0 | D45: =SUM(D2:D44) -> 0 | E45: =SUM(E2:E44) -> 0 | F45: =SUM(F2:F44) -> 0 | G45: =SUM(G2:G44) -> 0 | H45: =SUM(H2:H44) -> 0 | I45: =SUM(I2:I44) -> 0 | ... AF45: =SUM(AF2:AF44) -> 50 | AG45: =SUM(B45:AF45) -> 50

Sheet Februar
A1: Februar | B1: 01.02. | C1: 02.02. | D1: 03.02. | E1: 04.02. | F1: 05.02. | G1: 06.02. | H1: 07.02. | I1: 08.02. | J1: 09.02. | K1: 10.02. | L1: 11.02. | M1: 12.02. | N1: 13.02. | O1: 14.02. | P1: 15.02. | Q1: 16.02. | R1: 17.02. | S1: 18.02. | T1: 19.02. | U1: 20.02. | V1: 21.02. | W1: 22.02. | X1: 23.02. | Y1: 24.02. | Z1: 25.02. | AA1: 26.02. | AB1: 27.02. | AC1: 28.02. | AD1: Gesamt
A2: Lebensmittel | AD2: Lebensmittel
AD6: =SUM(B2:AC6) -> 0
A7: auswärts essen | AD7: auswärts essen
AD10: =SUM(B7:AC10) -> 0
A11: Transport | AD11: Transport
AD14: =SUM(B11:AC14) -> 0
A15: Kleidung | AD15: Kleidung
AD19: =SUM(B15:AC19) -> 0
A20: Freizeit | AD20: Freizeit
AD24: =SUM(B20:AC24) -> 0
A25: Hygiene/Kosmetik | AD25: Hygiene/Kosmetik
AD29: =SUM(B25:AC29) -> 0
A30: Bildung | AD30: Bildung
AD34: =SUM(B30:AC34) -> 0
A35: ? | AD35: ?
AD37: =SUM(B35:AC37) -> 0
A38: ? | AD38: ?
AD40: =SUM(B38:AC40) -> 0
A41: Sonstiges | AD41: Sonstiges
AD44: =SUM(B41:AC44) -> 0
A45: TOTAL | B45: =SUM(B2:B44) -> 0 | C45: =SUM(C2:C44) -> 0 | D45: =SUM(D2:D44) -> 0 | E45: =SUM(E2:E44) -> 0 | F45: =SUM(F2:F44) -> 0 | G45: =SUM(G2:G44) -> 0 | H45: =SUM(H2:H44) -> 0 | I45: =SUM(I2:I44) -> 0 | ... AC45: =SUM(AC2:AC44) -> 0 | AD45: =SUM(B45:AC45) -> 0

Sheet März
A1: März | B1: 01.03. | C1: 02.03. | D1: 03.03. | E1: 04.03. | F1: 05.03. | G1: 06.03. | H1: 07.03. | I1: 08.03. | J1: 09.03. | K1: 10.03. | L1: 11.03. | M1: 12.03. | N1: 13.03. | O1: 14.03. | P1: 15.03. | Q1: 16.03. | R1: 17.03. | S1: 18.03. | T1: 19.03. | U1: 20.03. | V1: 21.03. | W1: 22.03. | X1: 23.03. | Y1: 24.03. | Z1: 25.03. | AA1: 26.03. | AB1: 27.03. | AC1: 28.03. | AD1: 29.03. | AE1: 30.03. | AF1: 31.03. | AG1: Gesamt
A2: Lebensmittel | AG2: Lebensmittel
AG6: =SUM(B2:AF6) -> 0
A7: auswärts essen | AG7: auswärts essen
AG10: =SUM(B7:AF10) -> 0
A11: Transport | AG11: Transport
AG14: =SUM(B11:AF14) -> 0
A15: Kleidung | AG15: Kleidung
AG19: =SUM(B15:AF19) -> 0
A20: Freizeit | AG20: Freizeit
AG24: =SUM(B20:AF24) -> 0
A25: Hygiene/Kosmetik | AG25: Hygiene/Kosmetik
AG29: =SUM(B25:AF29) -> 0
A30: Bildung | AG30: Bildung
AG34: =SUM(B30:AF34) -> 0
A35: ? | AG35: ?
AG37: =SUM(B35:AF37) -> 0
A38: ? | AG38: ?
AG40: =SUM(B38:AF40) -> 0
A41: Sonstiges | AG41: Sonstiges
AG44: =SUM(B41:AF44) -> 0
A45: TOTAL | B45: =SUM(B2:B44) -> 0 | C45: =SUM(C2:C44) -> 0 | D45: =SUM(D2:D44) -> 0 | E45: =SUM(E2:E44) -> 0 | F45: =SUM(F2:F44) -> 0 | G45: =SUM(G2:G44) -> 0 | H45: =SUM(H2:H44) -> 0 | I45: =SUM(I2:I44) -> 0 | ... AF45: =SUM(AF2:AF44) -> 0 | AG45: =SUM(B45:AF45) -> 0

Sheet April
A1: April | B1: 01.04. | C1: 02.04. | D1: 03.04. | E1: 04.04. | F1: 05.04. | G1: 06.04. | H1: 07.04. | I1: 08.04. | J1: 09.04. | K1: 10.04. | L1: 11.04. | M1: 12.04. | N1: 13.04. | O1: 14.04. | P1: 15.04. | Q1: 16.04. | R1: 17.04. | S1: 18.04. | T1: 19.04. | U1: 20.04. | V1: 21.04. | W1: 22.04. | X1: 23.04. | Y1: 24.04. | Z1: 25.04. | AA1: 26.04. | AB1: 27.04. | AC1: 28.04. | AD1: 29.04. | AE1: 30.04. | AF1: Gesamt
A2: Lebensmittel | AF2: Lebensmittel
AF6: =SUM(B2:AE6) -> 0
A7: auswärts essen | AF7: auswärts essen
AF10: =SUM(B7:AE10) -> 0
A11: Transport | AF11: Transport
AF14: =SUM(B11:AE14) -> 0
A15: Kleidung | AF15: Kleidung
AF19: =SUM(B15:AE19) -> 0
A20: Freizeit | AF20: Freizeit
AF24: =SUM(B20:AE24) -> 0
A25: Hygiene/Kosmetik | AF25: Hygiene/Kosmetik
AF29: =SUM(B25:AE29) -> 0
A30: Bildung | AF30: Bildung
AF34: =SUM(B30:AE34) -> 0
A35: ? | AF35: ?
AF37: =SUM(B35:AE37) -> 0
A38: ? | AF38: ?
AF40: =SUM(B38:AE40) -> 0
A41: Sonstiges | AF41: Sonstiges
AF44: =SUM(B41:AE44) -> 0
A45: TOTAL | B45: =SUM(B2:B44) -> 0 | C45: =SUM(C2:C44) -> 0 | D45: =SUM(D2:D44) -> 0 | E45: =SUM(E2:E44) -> 0 | F45: =SUM(F2:F44) -> 0 | G45: =SUM(G2:G44) -> 0 | H45: =SUM(H2:H44) -> 0 | I45: =SUM(I2:I44) -> 0 | ... AE45: =SUM(AE2:AE44) -> 0 | AF45: =SUM(B45:AE45) -> 0

Sheet Mai
A1: Mai | B1: 01.05. | C1: 02.05. | D1: 03.05. | E1: 04.05. | F1: 05.05. | G1: 06.05. | H1: 07.05. | I1: 08.05. | J1: 09.05. | K1: 10.05. | L1: 11.05. | M1: 12.05. | N1: 13.05. | O1: 14.05. | P1: 15.05. | Q1: 16.05. | R1: 17.05. | S1: 18.05. | T1: 19.05. | U1: 20.05. | V1: 21.05. | W1: 22.05. | X1: 23.05. | Y1: 24.05. | Z1: 25.05. | AA1: 26.05. | AB1: 27.05. | AC1: 28.05. | AD1: 29.05. | AE1: 30.05. | AF1: 31.05. | AG1: Gesamt
A2: Lebensmittel | AG2: Lebensmittel
AG6: =SUM(B2:AF6) -> 0
A7: auswärts essen | AG7: auswärts essen
AG10: =SUM(B7:AF10) -> 0
A11: Transport | AG11: Transport
AG14: =SUM(B11:AF14) -> 0
A15: Kleidung | AG15: Kleidung
AG19: =SUM(B15:AF19) -> 0
A20: Freizeit | AG20: Freizeit
AG24: =SUM(B20:AF24) -> 0
A25: Hygiene/Kosmetik | AG25: Hygiene/Kosmetik
AG29: =SUM(B25:AF29) -> 0
A30: Bildung | AG30: Bildung
AG34: =SUM(B30:AF34) -> 0
A35: ? | AG35: ?
AG37: =SUM(B35:AF37) -> 0
A38: ? | AG38: ?
AG40: =SUM(B38:AF40) -> 0
A41: Sonstiges | AG41: Sonstiges
AG44: =SUM(B41:AF44) -> 0
A45: TOTAL | B45: =SUM(B2:B44) -> 0 | C45: =SUM(C2:C44) -> 0 | D45: =SUM(D2:D44) -> 0 | E45: =SUM(E2:E44) -> 0 | F45: =SUM(F2:F44) -> 0 | G45: =SUM(G2:G44) -> 0 | H45: =SUM(H2:H44) -> 0 | I45: =SUM(I2:I44) -> 0 | ... AF45: =SUM(AF2:AF44) -> 0 | AG45: =SUM(B45:AF45) -> 0

Sheet Juni
A1: Juni | B1: 01.06. | C1: 02.06. | D1: 03.06. | E1: 04.06. | F1: 05.06. | G1: 06.06. | H1: 07.06. | I1: 08.06. | J1: 09.06. | K1: 10.06. | L1: 11.06. | M1: 12.06. | N1: 13.06. | O1: 14.06. | P1: 15.06. | Q1: 16.06. | R1: 17.06. | S1: 18.06. | T1: 19.06. | U1: 20.06. | V1: 21.06. | W1: 22.06. | X1: 23.06. | Y1: 24.06. | Z1: 25.06. | AA1: 26.06. | AB1: 27.06. | AC1: 28.06. | AD1: 29.06. | AE1: 30.06. | AF1: Gesamt
A2: Lebensmittel | AF2: Lebensmittel
AF6: =SUM(B2:AE6) -> 0
A7: auswärts essen | AF7: auswärts essen
AF10: =SUM(B7:AE10) -> 0
A11: Transport | AF11: Transport
AF14: =SUM(B11:AE14) -> 0
A15: Kleidung | AF15: Kleidung
AF19: =SUM(B15:AE19) -> 0
A20: Freizeit | AF20: Freizeit
AF24: =SUM(B20:AE24) -> 0
A25: Hygiene/Kosmetik | AF25: Hygiene/Kosmetik
AF29: =SUM(B25:AE29) -> 0
A30: Bildung | AF30: Bildung
AF34: =SUM(B30:AE34) -> 0
A35: ? | AF35: ?
AF37: =SUM(B35:AE37) -> 0
A38: ? | AF38: ?
AF40: =SUM(B38:AE40) -> 0
A41: Sonstiges | AF41: Sonstiges
AF44: =SUM(B41:AE44) -> 0
A45: TOTAL | B45: =SUM(B2:B44) -> 0 | C45: =SUM(C2:C44) -> 0 | D45: =SUM(D2:D44) -> 0 | E45: =SUM(E2:E44) -> 0 | F45: =SUM(F2:F44) -> 0 | G45: =SUM(G2:G44) -> 0 | H45: =SUM(H2:H44) -> 0 | I45: =SUM(I2:I44) -> 0 | ... AE45: =SUM(AE2:AE44) -> 0 | AF45: =SUM(B45:AE45) -> 0

Sheet Juli
A1: Juli | B1: 01.07. | C1: 02.07. | D1: 03.07. | E1: 04.07. | F1: 05.07. | G1: 06.07. | H1: 07.07. | I1: 08.07. | J1: 09.07. | K1: 10.07. | L1: 11.07. | M1: 12.07. | N1: 13.07. | O1: 14.07. | P1: 15.07. | Q1: 16.07. | R1: 17.07. | S1: 18.07. | T1: 19.07. | U1: 20.07. | V1: 21.07. | W1: 22.07. | X1: 23.07. | Y1: 24.07. | Z1: 25.07. | AA1: 26.07. | AB1: 27.07. | AC1: 28.07. | AD1: 29.07. | AE1: 30.07. | AF1: 31.07. | AG1: Gesamt
A2: Lebensmittel | AG2: Lebensmittel
AG6: =SUM(B2:AF6) -> 0
A7: auswärts essen | AG7: auswärts essen
AG10: =SUM(B7:AF10) -> 0
A11: Transport | AG11: Transport
AG14: =SUM(B11:AF14) -> 0
A15: Kleidung | AG15: Kleidung
AG19: =SUM(B15:AF19) -> 0
A20: Freizeit | AG20: Freizeit
AG24: =SUM(B20:AF24) -> 0
A25: Hygiene/Kosmetik | AG25: Hygiene/Kosmetik
AG29: =SUM(B25:AF29) -> 0
A30: Bildung | AG30: Bildung
AG34: =SUM(B30:AF34) -> 0
A35: ? | AG35: ?
AG37: =SUM(B35:AF37) -> 0
A38: ? | AG38: ?
AG40: =SUM(B38:AF40) -> 0
A41: Sonstiges | AG41: Sonstiges
AG44: =SUM(B41:AF44) -> 0
A45: TOTAL | B45: =SUM(B2:B44) -> 0 | C45: =SUM(C2:C44) -> 0 | D45: =SUM(D2:D44) -> 0 | E45: =SUM(E2:E44) -> 0 | F45: =SUM(F2:F44) -> 0 | G45: =SUM(G2:G44) -> 0 | H45: =SUM(H2:H44) -> 0 | I45: =SUM(I2:I44) -> 0 | ... AF45: =SUM(AF2:AF44) -> 0 | AG45: =SUM(B45:AF45) -> 0

Sheet August
A1: August | B1: 01.08. | C1: 02.08. | D1: 03.08. | E1: 04.08. | F1: 05.08. | G1: 06.08. | H1: 07.08. | I1: 08.08. | J1: 09.08. | K1: 10.08. | L1: 11.08. | M1: 12.08. | N1: 13.08. | O1: 14.08. | P1: 15.08. | Q1: 16.08. | R1: 17.08. | S1: 18.08. | T1: 19.08. | U1: 20.08. | V1: 21.08. | W1: 22.08. | X1: 23.08. | Y1: 24.08. | Z1: 25.08. | AA1: 26.08. | AB1: 27.08. | AC1: 28.08. | AD1: 29.08. | AE1: 30.08. | AF1: 31.08. | AG1: Gesamt
A2: Lebensmittel | AG2: Lebensmittel
AG6: =SUM(B2:AF6) -> 0
A7: auswärts essen | AG7: auswärts essen
AG10: =SUM(B7:AF10) -> 0
A11: Transport | AG11: Transport
AG14: =SUM(B11:AF14) -> 0
A15: Kleidung | AG15: Kleidung
AG19: =SUM(B15:AF19) -> 0
A20: Freizeit | AG20: Freizeit
AG24: =SUM(B20:AF24) -> 0
A25: Hygiene/Kosmetik | AG25: Hygiene/Kosmetik
AG29: =SUM(B25:AF29) -> 0
A30: Bildung | AG30: Bildung
AG34: =SUM(B30:AF34) -> 0
A35: ? | AG35: ?
AG37: =SUM(B35:AF37) -> 0
A38: ? | AG38: ?
AG40: =SUM(B38:AF40) -> 0
A41: Sonstiges | AG41: Sonstiges
AG44: =SUM(B41:AF44) -> 0
A45: TOTAL | B45: =SUM(B2:B44) -> 0 | C45: =SUM(C2:C44) -> 0 | D45: =SUM(D2:D44) -> 0 | E45: =SUM(E2:E44) -> 0 | F45: =SUM(F2:F44) -> 0 | G45: =SUM(G2:G44) -> 0 | H45: =SUM(H2:H44) -> 0 | I45: =SUM(I2:I44) -> 0 | ... AF45: =SUM(AF2:AF44) -> 0 | AG45: =SUM(B45:AF45) -> 0

Sheet September
A1: September | B1: 01.09. | C1: 02.09. | D1: 03.09. | E1: 04.09. | F1: 05.09. | G1: 06.09. | H1: 07.09. | I1: 08.09. | J1: 09.09. | K1: 10.09. | L1: 11.09. | M1: 12.09. | N1: 13.09. | O1: 14.09. | P1: 15.09. | Q1: 16.09. | R1: 17.09. | S1: 18.09. | T1: 19.09. | U1: 20.09. | V1: 21.09. | W1: 22.09. | X1: 23.09. | Y1: 24.09. | Z1: 25.09. | AA1: 26.09. | AB1: 27.09. | AC1: 28.09. | AD1: 29.09. | AE1: 30.09. | AF1: Gesamt
A2: Lebensmittel | AF2: Lebensmittel
AF6: =SUM(B2:AE6) -> 0
A7: auswärts essen | AF7: auswärts essen
AF10: =SUM(B7:AE10) -> 0
A11: Transport | AF11: Transport
AF14: =SUM(B11:AE14) -> 0
A15: Kleidung | AF15: Kleidung
AF19: =SUM(B15:AE19) -> 0
A20: Freizeit | AF20: Freizeit
AF24: =SUM(B20:AE24) -> 0
A25: Hygiene/Kosmetik | AF25: Hygiene/Kosmetik
AF29: =SUM(B25:AE29) -> 0
A30: Bildung | AF30: Bildung
AF34: =SUM(B30:AE34) -> 0
A35: ? | AF35: ?
AF37: =SUM(B35:AE37) -> 0
A38: ? | AF38: ?
AF40: =SUM(B38:AE40) -> 0
A41: Sonstiges | AF41: Sonstiges
AF44: =SUM(B41:AE44) -> 0
A45: TOTAL | B45: =SUM(B2:B44) -> 0 | C45: =SUM(C2:C44) -> 0 | D45: =SUM(D2:D44) -> 0 | E45: =SUM(E2:E44) -> 0 | F45: =SUM(F2:F44) -> 0 | G45: =SUM(G2:G44) -> 0 | H45: =SUM(H2:H44) -> 0 | I45: =SUM(I2:I44) -> 0 | ... AE45: =SUM(AE2:AE44) -> 0 | AF45: =SUM(B45:AE45) -> 0

Sheet Oktober
A1: Oktober | B1: 01.10. | C1: 02.10. | D1: 03.10. | E1: 04.10. | F1: 05.10. | G1: 06.10. | H1: 07.10. | I1: 08.10. | J1: 09.10. | K1: 10.10. | L1: 11.10. | M1: 12.10. | N1: 13.10. | O1: 14.10. | P1: 15.10. | Q1: 16.10. | R1: 17.10. | S1: 18.10. | T1: 19.10. | U1: 20.10. | V1: 21.10. | W1: 22.10. | X1: 23.10. | Y1: 24.10. | Z1: 25.10. | AA1: 26.10. | AB1: 27.10. | AC1: 28.10. | AD1: 29.10. | AE1: 30.10. | AF1: 31.10. | AG1: Gesamt
A2: Lebensmittel | AG2: Lebensmittel
AG6: =SUM(B2:AF6) -> 0
A7: auswärts essen | AG7: auswärts essen
AG10: =SUM(B7:AF10) -> 0
A11: Transport | AG11: Transport
AG14: =SUM(B11:AF14) -> 0
A15: Kleidung | AG15: Kleidung
AG19: =SUM(B15:AF19) -> 0
A20: Freizeit | AG20: Freizeit
AG24: =SUM(B20:AF24) -> 0
A25: Hygiene/Kosmetik | AG25: Hygiene/Kosmetik
AG29: =SUM(B25:AF29) -> 0
A30: Bildung | AG30: Bildung
AG34: =SUM(B30:AF34) -> 0
A35: ? | AG35: ?
AG37: =SUM(B35:AF37) -> 0
A38: ? | AG38: ?
AG40: =SUM(B38:AF40) -> 0
A41: Sonstiges | AG41: Sonstiges
AG44: =SUM(B41:AF44) -> 0
A45: TOTAL | B45: =SUM(B2:B44) -> 0 | C45: =SUM(C2:C44) -> 0 | D45: =SUM(D2:D44) -> 0 | E45: =SUM(E2:E44) -> 0 | F45: =SUM(F2:F44) -> 0 | G45: =SUM(G2:G44) -> 0 | H45: =SUM(H2:H44) -> 0 | I45: =SUM(I2:I44) -> 0 | ... AF45: =SUM(AF2:AF44) -> 0 | AG45: =SUM(B45:AF45) -> 0

Sheet November
A1: November | B1: 01.11. | C1: 02.11. | D1: 03.11. | E1: 04.11. | F1: 05.11. | G1: 06.11. | H1: 07.11. | I1: 08.11. | J1: 09.11. | K1: 10.11. | L1: 11.11. | M1: 12.11. | N1: 13.11. | O1: 14.11. | P1: 15.11. | Q1: 16.11. | R1: 17.11. | S1: 18.11. | T1: 19.11. | U1: 20.11. | V1: 21.11. | W1: 22.11. | X1: 23.11. | Y1: 24.11. | Z1: 25.11. | AA1: 26.11. | AB1: 27.11. | AC1: 28.11. | AD1: 29.11. | AE1: 30.11. | AF1: Gesamt
A2: Lebensmittel | AF2: Lebensmittel
AF6: =SUM(B2:AE6) -> 0
A7: auswärts essen | AF7: auswärts essen
AF10: =SUM(B7:AE10) -> 0
A11: Transport | AF11: Transport
AF14: =SUM(B11:AE14) -> 0
A15: Kleidung | AF15: Kleidung
AF19: =SUM(B15:AE19) -> 0
A20: Freizeit | AF20: Freizeit
AF24: =SUM(B20:AE24) -> 0
A25: Hygiene/Kosmetik | AF25: Hygiene/Kosmetik
AF29: =SUM(B25:AE29) -> 0
A30: Bildung | AF30: Bildung
AF34: =SUM(B30:AE34) -> 0
A35: ? | AF35: ?
AF37: =SUM(B35:AE37) -> 0
A38: ? | AF38: ?
AF40: =SUM(B38:AE40) -> 0
A41: Sonstiges | AF41: Sonstiges
AF44: =SUM(B41:AE44) -> 0
A45: TOTAL | B45: =SUM(B2:B44) -> 0 | C45: =SUM(C2:C44) -> 0 | D45: =SUM(D2:D44) -> 0 | E45: =SUM(E2:E44) -> 0 | F45: =SUM(F2:F44) -> 0 | G45: =SUM(G2:G44) -> 0 | H45: =SUM(H2:H44) -> 0 | I45: =SUM(I2:I44) -> 0 | ... AE45: =SUM(AE2:AE44) -> 0 | AF45: =SUM(B45:AE45) -> 0

Sheet Dezember
A1: Dezember | B1: 01.12. | C1: 02.12. | D1: 03.12. | E1: 04.12. | F1: 05.12. | G1: 06.12. | H1: 07.12. | I1: 08.12. | J1: 09.12. | K1: 10.12. | L1: 11.12. | M1: 12.12. | N1: 13.12. | O1: 14.12. | P1: 15.12. | Q1: 16.12. | R1: 17.12. | S1: 18.12. | T1: 19.12. | U1: 20.12. | V1: 21.12. | W1: 22.12. | X1: 23.12. | Y1: 24.12. | Z1: 25.12. | AA1: 26.12. | AB1: 27.12. | AC1: 28.12. | AD1: 29.12. | AE1: 30.12. | AF1: 31.12. | AG1: Gesamt
A2: Lebensmittel | AG2: Lebensmittel
AG6: =SUM(B2:AF6) -> 0
A7: auswärts essen | AG7: auswärts essen
AG10: =SUM(B7:AF10) -> 0
A11: Transport | AG11: Transport
AG14: =SUM(B11:AF14) -> 0
A15: Kleidung | AG15: Kleidung
AG19: =SUM(B15:AF19) -> 0
A20: Freizeit | AG20: Freizeit
AG24: =SUM(B20:AF24) -> 0
A25: Hygiene/Kosmetik | AG25: Hygiene/Kosmetik
AG29: =SUM(B25:AF29) -> 0
A30: Bildung | AG30: Bildung
AG34: =SUM(B30:AF34) -> 0
A35: ? | AG35: ?
AG37: =SUM(B35:AF37) -> 0
A38: ? | AG38: ?
AG40: =SUM(B38:AF40) -> 0
A41: Sonstiges | AG41: Sonstiges
AG44: =SUM(B41:AF44) -> 0
A45: TOTAL | B45: =SUM(B2:B44) -> 0 | C45: =SUM(C2:C44) -> 0 | D45: =SUM(D2:D44) -> 0 | E45: =SUM(E2:E44) -> 0 | F45: =SUM(F2:F44) -> 0 | G45: =SUM(G2:G44) -> 0 | H45: =SUM(H2:H44) -> 0 | I45: =SUM(I2:I44) -> 0 | ... AF45: =SUM(AF2:AF44) -> 0 | AG45: =SUM(B45:AF45) -> 0
